 Dungeon Crawl Stone Soup version 0.30-a0-457-g4b7bca3bfa (webtiles) character file.

Game seed: 16807374122694358004

59 gelatine the Trooper (level 3, -1/33 HPs)
             Began as a Minotaur Fighter on Dec 13, 2022.
             Slain by a rat (3 damage)
             ... on level 2 of the Dungeon.
             The game lasted 00:01:53 (735 turns).

gelatine the Trooper (Minotaur Fighter)              Turns: 735, Time: 00:01:54

Health: -1/33      AC:  7    Str: 22    XL:     3   Next: 78%
Magic:  2/2        EV:  9    Int:  5    God:
Gold:   66         SH:  4    Dex:  9    Spells: 2/2 levels left

rFire   . . .      SeeInvis .    a - +0 war axe
rCold   . . .      Faith    .    c - +0 buckler
rNeg    . . .      Spirit   .    b - +0 scale mail
rPois   .          Reflect  .    (helmet restricted)
rElec   .          Harm     .    (no cloak)
rCorr   .          Rampage  .    (no gloves)
Will    .....                    (no boots)
Stlth   ..........               (no amulet)
HPRegen 0.25/turn                (no ring)
MPRegen 0.08/turn                (no ring)

@: no status effects
A: horns 2, retaliatory headbutt
a: no special abilities


You were on level 2 of the Dungeon.
You visited 1 branch of the dungeon, and saw 2 of its levels.

You collected 66 gold pieces.

Inventory:

Hand Weapons
 a - a +0 war axe (weapon)
 i - a +2 dagger of flaming
Missiles
 e - 3 poisoned darts (quivered)
Armour
 b - a +0 scale mail (worn)
 c - a +0 buckler (worn)
Jewellery
 g - a ring of fire
Scrolls
 h - 2 scrolls of identify {unknown}
 k - a scroll of butterflies {unknown}
Potions
 d - 2 potions of might
 f - a potion of mutation {unknown}
 j - a potion of lignification {unknown}


   Skills:
 + Level 4.1 Fighting
 + Level 3.9 Axes
 + Level 4.1 Armour
 + Level 0.5 Dodging
 + Level 3.9 Shields


You had 2 spell levels left.
You didn't know any spells.
Your spell library was empty.

Dungeon Overview and Level Annotations

Branches:
Dungeon (2/15)

Altars:


Innate Abilities, Weirdness & Mutations

You have a pair of horns on your head.
You reflexively headbutt those who attack you in melee.


Message History

The bat closely misses you. You furiously retaliate!
You headbutt the bat, but do no damage. The bat closely misses you.
You closely miss Terence. You headbutt Terence.
Terence is moderately wounded.
You hit the bat but do no damage. The bat hits you. Terence closely misses you.
The bat barely misses you.
You hit Terence.
Terence is moderately wounded.
You barely miss the bat. The bat barely misses you. You furiously retaliate!
You headbutt the bat!
You kill the bat!
Terence closely misses you. Terence hits you with a +0 flail!
You slash Terence!
Terence is almost dead.
Terence hits you but does no damage.
You barely miss Terence.
Terence is almost dead.
You hit the worm. Terence barely misses you. The worm bites you.
Terence hits you with a +0 flail!
You hit Terence. Your headbutt misses Terence.
Terence is almost dead.
You barely miss the worm. Terence closely misses you.
The worm bites you but does no damage.
You hit Terence but do no damage.
Terence is almost dead.
You slash the worm! Terence hits you with a +0 flail!
* * * LOW HITPOINT WARNING * * *
You hit Terence.
You kill Terence!
You hit the worm.
A rat comes into view.
The worm bites you but does no damage.
You hit the worm.
The worm is severely wounded.
The worm barely misses you. You furiously retaliate!
You headbutt the worm. You slash the worm!
You kill the worm!
The rat bites you.
You die...

...# .# ......
####.#
...##.##<...#
.#.......####
..........#
#......##.####
#.......#....#
#........).#.#
##...#r@.#......
......##......#..
...... #..#.#...#
.... ..........
... ...#...$.. ..
.......##.# #
#####.... . ##


You could see a rat.

Vanquished Creatures
  Terence (D:2)
  A worm (D:2)
  A dart slug (D:1)
  3 ball pythons (D:1)
  3 endoplasms (D:1)
  2 goblins (D:1)
  4 hobgoblins (D:1)
  4 kobolds (D:1)
  3 quokkas (D:1)
  2 bats
  2 frilled lizards (D:1)
  A rat (D:1)
27 creatures vanquished.

Notes
Turn   | Place    | Note
-------+----------+-------------------------------------------
     0 | D:1      | gelatine the Minotaur Fighter began the quest for the Orb.
     0 | D:1      | Reached XP level 1. HP: 19/19 MP: 0/0
    65 | D:1      | Reached XP level 2. HP: 21/27 MP: 1/1
   411 | D:1      | Reached XP level 3. HP: 33/33 MP: 2/2
   523 | D:1      | Found a faded altar of an unknown god.
   723 | D:2      | Noticed Terence
   730 | D:2      | HP: 1/33 [Terence/+0 flail (10)]
   731 | D:2      | Killed Terence
   735 | D:2      | Slain by a rat

Illustrated notes

Levels and vault maps discovered:
D:1:      minmay_arrival_four_circles, layout_basic,
          hellmonk_ecumenical_altar_inner_sanctum
D:2:      layout_rooms, serial_shops, shop, minmay_hexomino_c4, uniq_terence,
          uniq_robin

Skill      XL: |  1  2 |
---------------+-------+-----
Armour         | 4 |  4.1
Axes           | 3 |  3.9
Fighting       | 4 |  4.1
Dodging        | |  0.5
Shields        | |  3.9

Action                   || total
-------------------------++-------
Melee: War axe           ||    60
       Headbutt          ||     5
Armor: Scale mail        ||    30
Dodge: Dodged            ||    39
Block: Buckler           ||     8

Table legend: (Time is in decaauts)
 A = Elapsed time spent in this place.
 B = Non-inter-level travel time spent in this place.
 C = Inter-level travel time spent in this place.
 D = Time resting spent in this place.
 E = Time spent auto-exploring this place.
 F = Levels seen in this place.
 G = Mean time per level.
                   A        B        C        D        E       F      G
               +--------+--------+--------+--------+--------+-----+--------+
         Total |    758 |    734 |     24 |      0 |    529 |   2 |  379.0 |
       Dungeon |    758 |    734 |     24 |      0 |    529 |   2 |  379.0 |
               +--------+--------+--------+--------+--------+-----+--------+

Top non-repeatable levels by time:
     D:1: 737 daAuts
     D:2: 20 daAuts
